 Dungeon Crawl Stone Soup version 0.29.1-15-g9cfb28693d (webtiles) character file.

Game seed: 5547871574150373997

221 Smoke131 the Trooper (level 5, 0/55 HPs)
             Began as an Ogre Gladiator on Apr 19, 2023.
             Slain by an orc wizard
             ... wielding a +0 dagger
              (3 damage)
             ... on level 3 of the Dungeon.
             The game lasted 00:09:12 (4307 turns).

Smoke131 the Trooper (Ogre Gladiator)               Turns: 4307, Time: 00:09:12

Health: 0/55       AC:  4    Str: 20    XL:     5   Next: 98%
Magic:  5/5        EV: 10    Int:  9    God:
Gold:   158        SH:  0    Dex: 10    Spells: 4/4 levels left

rFire   . . .      SeeInvis .   a - +0 trident
rCold   . . .      Faith    .   (no shield)
rNeg    . . .      Spirit   .   b - +0 robe
rPois   .          Reflect  .   c - +0 hat
rElec   .          Harm     .   e - +0 cloak
rCorr   .          Rampage  .   (gloves unavailable)
Will    .....                   (boots unavailable)
Stlth   +.........              (no amulet)
HPRegen 0.18/turn               (no ring)
MPRegen 0.09/turn               (no ring)

@: no status effects
A: large, unfitting armour, tough skin 1
a: no special abilities


You were on level 3 of the Dungeon.
You visited 1 branch of the dungeon, and saw 3 of its levels.

You collected 158 gold pieces.

Inventory:

Hand Weapons
 a - a +0 trident (weapon)
Missiles
 d - 3 throwing nets (quivered)
 j - 15 poisoned darts
Armour
 b - a +0 robe (worn)
 c - a +0 hat (worn)
 e - a +0 cloak (worn)
Scrolls
 f - 3 scrolls of vulnerability {unknown}
 g - a scroll of enchant armour {unknown}
 h - a scroll of fear {unknown}
 k - 3 scrolls of immolation {unknown}
 l - 2 scrolls of enchant weapon {unknown}
 n - 5 scrolls of identify {unknown}
 o - 2 scrolls of teleportation {unknown}
 p - a scroll of noise {unknown}
 v - a scroll of blinking {unknown}
Potions
 i - a potion of haste
 m - 2 potions of degeneration {unknown}
 q - 4 potions of heal wounds {unknown}
 r - a potion of ambrosia {unknown}
 s - a potion of brilliance {unknown}
 t - a potion of lignification {unknown}
 u - 2 potions of flight {unknown}
 w - a potion of berserk rage {unknown}


   Skills:
 + Level 4.9 Fighting
 + Level 4.3 Polearms
 + Level 3.7 Throwing
 - Level 3.0 Dodging


You had 4 spell levels left.
You didn't know any spells.
Your spell library contained the following spells:

 Spells                   Type           Power      Damage    Failure   Level
 Foxfire                  Conj/Fire      0%         2x1d4     38%         1
 Ensorcelled Hibernation  Hex/Ice        0%         N/A       52%         2
 Passwall                 Tmut/Erth      0%         N/A       52%         2
 Conjure Flame            Conj/Fire      0%         6-21      77%         3
 Inner Flame              Hex/Fire       0%         N/A       77%         3
 Swiftness                Air            0%         N/A       77%         3
 Flame Wave               Conj/Fire      0%         2d4       99%         4


Dungeon Overview and Level Annotations

Branches:
Dungeon (3/15)

Altars:

Shops:
D:2 (


Innate Abilities, Weirdness & Mutations

You are too large for most types of armour.
You have tough skin. (AC +1)


Message History

You closely miss something. Something hits you.
* * * LOW HITPOINT WARNING * * *
Something hits you but does no damage. Something hits you.
* * * LOW HITPOINT WARNING * * *
Something hits you.
* * * LOW HITPOINT WARNING * * *
You closely miss something.
An orc wizard appears from thin air!
Reactivating autopickup.
The orc wizard hits you but does no damage.
You feel less confused.
The orc wizard hits you with a +0 dagger.
* * * LOW HITPOINT WARNING * * *
The orc wizard points at you and mumbles some strange words.
The magic dart hits you but does no damage.
You hit the orc wizard.
The orc wizard is severely wounded.
The orc wizard closely misses you.
You closely miss the orc wizard.
The orc wizard is severely wounded.
The orc wizard hits you with a +0 dagger.
* * * LOW HITPOINT WARNING * * *
You barely miss the orc wizard.
The orc wizard is severely wounded.
The orc wizard hits you but does no damage.
You closely miss the orc wizard.
The orc wizard is severely wounded.
The orc wizard closely misses you.
You hit the orc wizard.
The orc wizard is severely wounded.
The orc wizard hits you with a +0 dagger.
* * * LOW HITPOINT WARNING * * *
You hit the orc wizard but do no damage.
The orc wizard is severely wounded.
The orc wizard hits you with a +0 dagger.
* * * LOW HITPOINT WARNING * * *
You barely miss the orc wizard.
The orc wizard is severely wounded.
The orc wizard hits you with a +0 dagger.
You die...

..)............'........'........
..########...###........#######.o
..# #..............# #{#
..########..............# #.#
.....)...'............### #.#
.).#######......#####.# #.# ...#
#<.....#####'## #)# ...#
#.)...........# #####.# ...###
#.#####@o.....# #..o..#
.....#####.### #..)....# #..o..#
####.........# #.......####.....#
########.#.# #..........'.....#
.........#.###.......####....##
###..................# #....#
#..................# #....#
#..................# #....#
#.....############## #....#


You could see an orc wizard.

Vanquished Creatures
  An orc priest (D:3)
  Crazy Yiuf (D:2)
  Terence (D:2)
  An orc wizard (D:3)
  An adder (D:3)
  A worm (D:2)
  5 dart slugs
  7 orcs
  8 ball pythons
  7 bats
  2 endoplasms
  13 giant cockroaches
  8 goblins
  4 hobgoblins
  9 kobolds
  A quokka (D:1)
  4 frilled lizards
  6 rats
80 creatures vanquished.

Notes
Turn   | Place    | Note
-------+----------+-------------------------------------------
     0 | D:1      | Smoke131 the Ogre Gladiator began the quest for the Orb.
     0 | D:1      | Reached XP level 1. HP: 22/22 MP: 1/1
    18 | D:1      | Found a faded altar of an unknown god.
   174 | D:1      | Reached XP level 2. HP: 29/29 MP: 2/2
   718 | D:1      | Reached XP level 3. HP: 34/37 MP: 3/3
  1010 | D:2      | Found Jeycixum's Antique Weapon Shop.
  1502 | D:2      | Reached XP level 4. HP: 45/48 MP: 4/4
  1527 | D:2      | Noticed Terence
  1546 | D:2      | Killed Terence
  2250 | D:2      | Found a runed translucent door.
  2251 | D:2      | Noticed Crazy Yiuf
  2285 | D:2      | Killed Crazy Yiuf
  2286 | D:2      | Reached XP level 5. HP: 54/54 MP: 5/5
  4307 | D:3      | Slain by an orc wizard

Illustrated notes

Levels and vault maps discovered:
D:1:      wander_arrival_lonely_grave, layout_basic,
          ebering_ecumenical_altar_sacrificial
D:2:      minmay_roachtagon, layout_basic, serial_shops, nicolae_diamond_shop,
          minmay_unequal, uniq_crazy_yiuf_cottage, uniq_terence
D:3:      layout_basic

Skill      XL: |  1  2  3  4  5 |
---------------+----------------+-----
Fighting       | 3 4 |  4.9
Dodging        | 3 |  3.0
Throwing       | 3 |  3.7
Polearms       | 4 |  4.3

Action                   |  1- 3 |  4- 6 || total
-------------------------+-------+-------++-------
Melee: Trident           |   153 |   200 ||   353
Throw: Dart              |       |     4 ||     4
       Large rock        |       |     1 ||     1
       Throwing net      |       |     1 ||     1
  Use: Potion            |       |     2 ||     2
 Stab: Sleeping          |     1 |     1 ||     2
Armor: Robe              |    66 |    51 ||   117
Dodge: Dodged            |    93 |    88 ||   181
